 Dungeon Crawl Stone Soup version 0.31-a0-237-g2d982f9f85 (webtiles) character file.

Game seed: 13251936450714663106

56 qw the Shooter (level 3, 0/21 HPs)
             Began as a Gargoyle Hexslinger on July 10, 2023.
             Slain by an orc
             ... wielding a +0 trident
              (2 damage)
             ... on level 3 of the Dungeon.
             The game lasted 00:00:34 (1254 turns).

qw the Shooter (Gargoyle Hexslinger)                Turns: 1254, Time: 00:00:34

Health: 0/21       AC:  8    Str: 11    XL:     3   Next: 97%
Magic:  4/4        EV: 10    Int: 13    God:
Gold:   98         SH:  0    Dex: 14    Spells: 3/4 levels left

rFire   . . .        Y - +2 sling
rCold   . . .        (no shield)
rNeg    + . .        b - +0 ring mail
rPois   inf          (no helmet)
rElec   +            (no cloak)
rCorr   +            (no gloves)
SInv    +            (no boots)
Will    .....        (no amulet)
Stlth   +            d - ring of resist corrosion
HPRegen 0.23/turn    e - ring of see invisible
MPRegen 0.09/turn

%: no passive effects
@: no status effects
A: sickness immunity, AC +3, negative energy resistance 1, electricity
resistance, torment resistance 1, petrification resistance
a: no special abilities


You were on level 3 of the Dungeon.
You visited 1 branch of the dungeon, and saw 3 of its levels.

You collected 98 gold pieces.


Innate Abilities, Weirdness & Mutations

You are immune to sickness and miasma.
Your stone body is resilient. (AC +3)
You are immune to poison.
You resist negative energy. (rN+)
You are resistant to electric shocks. (rElec)
You are resistant to unholy torment.
You are immune to petrification.


   Skills:
 - Level 2.0 Fighting
 + Level 3.8 Ranged Weapons
 - Level 1.5 Dodging
 - Level 1.0 Spellcasting
 - Level 2.6 Hexes


You had 3 spell levels left.
You knew the following spells:

 Your Spells              Type           Power      Damage    Failure   Level
a - Slow                  Hex            28%        N/A       22%         1

Your spell library contained the following spells:

 Spells                   Type           Power      Damage    Failure   Level
 Inner Flame              Hex/Fire       4%         N/A       75%         3
 Portal Projectile        Hex/Tloc       8%         N/A       75%         3
 Cause Fear               Hex            3%         N/A       92%         4

Inventory:

Hand Weapons
 Y - a +2 sling (weapon)
Armour
 b - a +0 ring mail (worn)
Jewellery
 d - a ring of resist corrosion (left hand)
 e - a ring of see invisible (right hand)
Potions
 a - a potion of ambrosia {unknown}

Dungeon Overview and Level Annotations

Branches:
Dungeon (3/15)

Altars:


Message History

A kobold comes into view. It is wielding a +0 short sword.
1245 ||| Stepping ~*~*~tactically~*~*~ (outnumbered).
The orc barely misses you.
You shoot a sling bullet. The sling bullet hits the orc.
The orc is almost dead.
You shoot a sling bullet. The sling bullet hits the orc.
You kill the orc!
You shoot a sling bullet. The sling bullet barely misses the orc.
The orc hits you but does no damage. The orc barely misses you.
The orc hits you with a +0 club. The orc hits you but does no damage.
You shoot a sling bullet.
The sling bullet hits the orc but does no damage.
The orc misses you. The orc hits you with a +0 club.
The orc hits you with a +0 short sword.
You shoot a sling bullet. The sling bullet barely misses the orc.
The sling bullet hits the orc.
The orc is lightly wounded.
The orc hits you but does no damage. The orc closely misses you.
You shoot a sling bullet. The sling bullet hits the orc.
The orc is severely wounded.
The orc hits you with a +0 short sword.
The orc hits you from afar with a +0 trident.
The kobold hits you with a +0 short sword.
The orc hits you but does no damage. The orc hits you with a +0 short sword.
The orc hits you but does no damage. The kobold closely misses you.
The orc barely misses you.
You shoot a sling bullet. The sling bullet hits the orc.
You kill the orc!
The kobold hits you but does no damage. The orc hits you but does no damage.
The orc barely misses you.
You shoot a sling bullet. The sling bullet hits the orc.
The orc is heavily wounded.
The kobold barely misses you. The orc closely misses you.
The orc hits you from afar with a +0 trident.
You shoot a sling bullet. The sling bullet hits the orc.
You kill the orc!
The kobold hits you but does no damage. The orc hits you but does no damage.
The kobold hits you but does no damage.
The orc hits you from afar with a +0 trident.
You die...

###########
#!........#
#.#######.# #.# #.#
####.#######.#####
.............[...#
###.....###.###.#
####....####K###.###
#......####.)@.....#
#.##........)####..#
#.##<##.######o##
#>......# #.
###.##### .. #. ..K
#. ..?. #. ... #.


You could see an orc and a kobold.

Vanquished Creatures
  An adder (D:2)
  3 worms (D:2)
  4 orcs (D:3)
  3 ball pythons
  An endoplasm (D:1)
  A giant cockroach (D:1)
  A hobgoblin (D:1)
  3 jackals (D:2)
  8 bats
  2 frilled lizards
  5 kobolds
  4 rats
36 creatures vanquished.

Notes
Turn   | Place    | Note
-------+----------+-------------------------------------------
     0 | D:1      | qw the Gargoyle Hexslinger began the quest for the Orb.
     0 | D:1      | Reached XP level 1. HP: 12/12 MP: 2/2
     0 | D:1      | 0 ||| qw: Version: 0.3-a-52-g30416fa
     0 | D:1      | 0 ||| qw: Game counter: 5136
     0 | D:1      | 0 ||| qw: Melee chars always use a shield: true
     0 | D:1      | 0 ||| qw: God list: Okawaru
     0 | D:1      | 0 ||| qw: Allow faded altars: false
     0 | D:1      | 0 ||| qw: Do Orc after clearing Dungeon:15 true
     0 | D:1      | 0 ||| qw: Do second Lair branch before Depths: true
     0 | D:1      | 0 ||| qw: Lair rune preference: random
     0 | D:1      | 0 ||| qw: Goals: Normal
     0 | D:1      | 0 ||| PLANNING D:1-11
   141 | D:1      | Reached XP level 2. HP: 16/16 MP: 3/3
   470 | D:1      | 470 ||| READING scroll labelled ANYGAZ UKEADO.
   471 | D:1      | 471 ||| READING scroll labelled NAPSA YPPEU.
   472 | D:1      | 472 ||| READING scroll labelled DEMA TUCIGO.
   473 | D:1      | 473 ||| DRINKING 2 golden potions.
   488 | D:1      | 488 ||| DROPPING scroll of poison.
   489 | D:1      | 489 ||| DROPPING potion of lignification.
   542 | D:2      | 542 ||| STAIRDANCE
   568 | D:2      | Reached skill level 3 in Ranged Weapons
   752 | D:2      | Reached XP level 3. HP: 21/21 MP: 4/4
   835 | D:2      | Found a faded altar of an unknown god.
  1177 | D:2      | 1177 ||| UPGRADING to +0 ring mail.
  1187 | D:2      | 1187 ||| DROPPING +0 robe.
  1188 | D:2      | 1188 ||| UPGRADING to ring of resist corrosion.
  1189 | D:2      | 1189 ||| UPGRADING to ring of see invisible.
  1190 | D:2      | 1190 ||| READING scroll labelled MILIZ QITHU.
  1213 | D:3      | 1213 ||| PLANNING SEWER
  1245 | D:3      | 1245 ||| Stepping ~*~*~tactically~*~*~ (outnumbered).
  1251 | D:3      | HP: 5/21 [orc/+0 short sword (1)]
  1253 | D:3      | HP: 2/21 [orc/+0 trident (3)]
  1254 | D:3      | Slain by an orc

Levels and vault maps discovered:
D:1:      minmay_arrival_shoal_huts, layout_rooms
D:2:      layout_loops_ring, shapermc_ecumenical_altar_mp_highgroup
D:3:      layout_loops_cross, nemelex_xobeh_ov_fountains_minmay,
          gup_sewer_entry_glass

Skill      XL: |  1  2 |
---------------+-------+-----
Ranged Weapons | 3 |  3.8
Fighting       | 2 |  2.0
Dodging        | |  1.5
Spellcasting   | |  1.0
Hexes          | |  2.6

Action                     || total
---------------------------++-------
   Fire: Sling             ||   131
    Use: Scroll            ||     4
         Potion            ||     1
 Armour: Robe              ||    22
         Ring mail         ||    10
  Dodge: Dodged            ||    50

Table legend:
 A = Non-vault XP
 B = Vault XP
 C = Vault XP percentage of total XP
 D = Non-vault monster count
 E = Vault monster count
 F = Vault count percentage of total count
                 A         B        C        D         E       F
            +---------+---------+-------+---------+---------+-------
      Total |      84 |       0 |   0.0 |      36 |       0 |   0.0
            +---------+---------+-------+---------+---------+-------
        D:1 |      17 |       0 |   0.0 |      12 |       0 |   0.0
        D:2 |      55 |       0 |   0.0 |      20 |       0 |   0.0
        D:3 |      12 |       0 |   0.0 |       4 |       0 |   0.0
            +---------+---------+-------+---------+---------+-------
